 Dungeon Crawl Stone Soup version 0.24.0-35-gdb84b6a5db (webtiles) character file.

Game seed: 6238560728510093867, levelgen mode: deterministic

756 Esekla the Magician (level 7, -1/51 HPs)
             Began as a Demonspawn Wanderer on Nov 20, 2019.
             Slain by Duvessa
             ... wielding a +0 rapier
              (16 damage)
             ... on level 6 of the Dungeon.
             The game lasted 01:20:32 (8013 turns).

Esekla the Magician (Demonspawn Wanderer)           Turns: 8013, Time: 01:20:32

Health: -1/51      AC: 17    Str: 11    XL:     7   Next: 50%
Magic:  9/12       EV: 12    Int: 17    God:
Gold:   175        SH:  4    Dex: 12    Spells: 5/13 levels left

rFire    . . .     SeeInvis .   H - +3 short sword
rCold    . . .     Gourm    .   (no shield)
rNeg     . . .     Faith    .   t - +3 leather armour
rPois    .         Spirit   .   (helmet restricted)
rElec    .         Reflect  .   B - +1 cloak
rCorr    .         Harm     .   e - +2 pair of gloves
MR       .....                  (no boots)
Stlth    +.........             (no amulet)
HPRegen  0.17/turn              s - +3 ring of slaying
MPRegen  0.13/turn              C - ring of stealth

@: icy armour, glowing, studying Dodging
A: horns 1, large bone plates 1, foul stench 2, rot immunity
a: no special abilities


You were on level 6 of the Dungeon.
You were very hungry.

You visited 1 branch of the dungeon, and saw 6 of its levels.

You collected 175 gold pieces.

Inventory:

Hand Weapons
 a - a +0 hand crossbow
 g - a +1 dagger
 E - a +0 falchion
 H - a +3 short sword (weapon)
Missiles
 d - 46 bolts
Armour
 e - a +2 pair of gloves (worn)
 t - a +3 leather armour (worn)
 B - a +1 cloak (worn)
Jewellery
 s - a +3 ring of slaying (left hand)
 C - a ring of stealth (right hand)
Wands
 r - a wand of paralysis (8)
 y - a wand of flame (9)
 z - a wand of random effects (9)
 G - a wand of iceblast (10)
 I - a wand of disintegration (6)
Scrolls
 b - a scroll of enchant weapon
 c - a scroll of enchant armour {unknown}
 h - a scroll of blinking {unknown}
 i - a scroll of magic mapping
 j - a scroll of amnesia {unknown}
 l - a scroll of teleportation
 m - a scroll of identify
 n - 2 scrolls of immolation {unknown}
 o - 2 scrolls of remove curse
 p - a scroll of fear {unknown}
 w - a scroll of fog {unknown}
 F - a scroll of random uselessness {unknown}
Potions
 k - a potion of brilliance
 q - a potion of haste
 u - 2 potions of curing
 x - 2 potions of agility
 A - a potion of magic
 D - a potion of cancellation {unknown}
Books
 v - a manual of Dodging
Comestibles
 f - 9 rations


   Skills:
 + Level 2.7 Fighting
 + Level 1.4 Short Blades
 - Level 1.0 Crossbows
 - Level 1.0 Throwing
 * Level 2.0 Armour
 + Level 1.8 Dodging
 + Level 0.4 Stealth
 * Level 3.5 Spellcasting
 * Level 2.2 Conjurations
 * Level 2.5 Charms
   Level 1.7 Transmutations
 + Level 2.2 Ice Magic
 * Level 2.6 Air Magic
 * Level 2.0 Poison Magic
 + Level 1.0 Evocations


You had 5 spell levels left.
You knew the following spells:

 Your Spells              Type           Power        Failure   Level  Hunger
a - Ozocubu's Armour      Chrm/Ice       ##......     24%         3    ###....
b - Freeze                Ice            ##..         9%          1    None
c - Mephitic Cloud        Conj/Pois/Air  ##......     26%         3    ###....
e - Shock                 Conj/Air       ##..         9%          1    None

Your spell library contained the following spells:

 Spells                   Type           Power        Failure   Level  Hunger
 Throw Frost              Conj/Ice       ##....       13%         2    ##.....
 Ensorcelled Hibernation  Hex/Ice        #.....       21%         2    ##.....
 Corona                   Hex            #......      22%         1    None
 Dazzling Spray           Conj/Hex       #.....       38%         3    ###....
 Confuse                  Hex            #.......     54%         3    ###....
 Tukima's Dance           Hex            #.......     54%         3    ###....
 Throw Icicle             Conj/Ice       ##......     65%         4    ####...
 Summon Ice Beast         Ice/Summ       #.......     80%         4    ####...


Dungeon Overview and Level Annotations

Branches:
Dungeon (6/15)
 Temple: D:4-7

Altars:
Dithmenos
Kikubaaqudgha
Okawaru
Sif Muna
Vehumet

Shops:
D:4 %

Annotations:
D:6 Duvessa, Grinder


Innate Abilities, Weirdness & Mutations

You have a pair of small horns on your head.
You are partially covered in large bone plates. (SH +4)
You frequently emit foul miasma when damaged in melee.
You are immune to rotting.


Message History

You hit Duvessa.
Duvessa is heavily wounded.
Duvessa closely misses you. x2
You hit Duvessa.
Duvessa is severely wounded.
You block Duvessa's attack.
You hit Duvessa. Your headbutt misses Duvessa.
Duvessa is severely wounded.
Duvessa misses you. Duvessa hits you with a +0 rapier!
* * * LOW HITPOINT WARNING * * *
You hit Duvessa but do no damage.
Duvessa is severely wounded.
Duvessa hits you but does no damage.
You completely miss Duvessa.
Duvessa is severely wounded.
Duvessa hits you but does no damage. Duvessa completely misses you.
You hit Duvessa.
Duvessa is severely wounded.
Duvessa hits you with a +0 rapier!
You die...

#.....#.<..#..######.
#######....#.........
#....'.........
#)...##..######
#.....#..##..#. ###
#.....#..#...#.
#+###..#######.....#..#...#.
#......'.....#.....##'##'##.
#......#..)@.##'##..........
#......#..e......#..........
#......#.........'..........
#..######...####'#..........
## #####+####..##'##......
#............#..#......
+>...).......#..#......
#......##...#####......
##.....##...##......###


You could see Duvessa (berserk).

Vanquished Creatures
  An orc warrior (D:6)
  A hornet zombie (D:5)
  An ogre (D:4)
  Dowan (D:6)
  A scorpion (D:4)
  An orc wizard (D:3)
  3 orc priests
  Crazy Yiuf (D:2)
  Ijyb (D:4)
  2 worker ants
  Robin (D:4)
  2 adders (D:3)
  An ooze (D:5)
  5 worms
  A dart slug (D:1)
  A leopard gecko (D:3)
  16 orcs
  4 bats
  3 bat skeletons (D:3)
  3 bat zombies (D:3)
  6 giant cockroaches
  12 goblins
  8 hobgoblins
  8 jackals (D:3)
  4 kobolds
  4 quokkas
  2 ball pythons
  2 frilled lizards (D:1)
  21 rats
117 creatures vanquished.

Notes
Turn   | Place    | Note
-------+----------+-------------------------------------------
     0 | D:1      | Esekla the Demonspawn Wanderer began the quest for the Orb.
     0 | D:1      | Esekla set off with the following items: a +0 hand
                  | crossbow, 27 bolts, a +0 robe, a ration; and the following
                  | spells available to memorise: Freeze, Shock, Throw Frost,
                  | Ozocubu's Armour, Mephitic Cloud, Summon Ice Beast, Throw
                  | Icicle
     0 | D:1      | Reached XP level 1. HP: 16/16 MP: 2/2
     4 | D:1      | Learned a level 1 spell: Shock
     7 | D:1      | Learned a level 1 spell: Freeze
   144 | D:1      | Gained mutation: You are immune to rotting. [demonic
                  | ancestry]
   144 | D:1      | Reached XP level 2. HP: 23/23 MP: 4/4
   998 | D:1      | Gained mutation: You may emit foul miasma when damaged in
                  | melee. [demonic ancestry]
   998 | D:1      | Reached XP level 3. HP: 24/28 MP: 1/5
  1000 | D:1      | You fall into a shaft and drop 1 floor!
  1098 | D:2      | Learned a level 3 spell: Ozocubu's Armour
  2557 | D:2      | Reached skill level 2 in Spellcasting
  2598 | D:2      | Found a runed translucent door.
  2599 | D:2      | Noticed Crazy Yiuf
  3167 | D:3      | Reached skill level 1 in Conjurations
  3345 | D:3      | Found an ancient bone altar of Kikubaaqudgha.
  3358 | D:3      | Reached XP level 4. HP: 26/34 MP: 0/7
  3370 | D:3      | Reached skill level 1 in Charms
  3796 | D:3      | Reached skill level 1 in Dodging
  4034 | D:3      | Reached skill level 1 in Air Magic
  4390 | D:3      | Gained mutation: You frequently emit foul miasma when
                  | damaged in melee. [demonic ancestry]
  4390 | D:3      | Reached XP level 5. HP: 38/39 MP: 0/9
  4395 | D:3      | Learned a level 3 spell: Mephitic Cloud
  4553 | D:3      | Found a shadowy altar of Dithmenos.
  4972 | D:4      | Found Aluidir's Food Emporium.
  5219 | D:4      | Found an iron altar of Okawaru.
  5258 | D:4      | Noticed an ogre
  5274 | D:4      | Killed an ogre
  5274 | D:4      | Reached skill level 3 in Spellcasting
  5274 | D:4      | Reached skill level 1 in Poison Magic
  5274 | D:4      | Gained mutation: You have a pair of small horns on your
                  | head. [demonic ancestry]
  5274 | D:4      | Reached XP level 6. HP: 26/46 MP: 0/10
  5445 | D:4      | Noticed Ijyb
  5475 | D:4      | Killed Ijyb
  5693 | D:4      | Noticed Robin
  5706 | D:4      | Killed Robin
  5821 | D:4      | Reached skill level 1 in Armour
  6244 | D:4      | Found a shimmering blue altar of Sif Muna.
  6470 | D:2      | Killed Crazy Yiuf
  6652 | D:5      | Entered Level 5 of the Dungeon
  7257 | D:5      | Found a radiant altar of Vehumet.
  7459 | D:5      | Reached skill level 1 in Short Blades
  7459 | D:5      | Gained mutation: You are partially covered in large bone
                  | plates. (SH +4) [demonic ancestry]
  7459 | D:5      | Reached XP level 7. HP: 36/51 MP: 6/12
  7517 | D:6      | Noticed Grinder
  7518 | D:6      | Paralysed by Grinder for 2 turns
  7987 | D:6      | Noticed Duvessa
  7987 | D:6      | Noticed Dowan
  7997 | D:6      | Killed Dowan
  8013 | D:6      | Slain by Duvessa

Levels and vault maps discovered:
D:1:      erik_arrival_orb_chamber, layout_basic
D:2:      layout_loops_corners, first_ration, uniq_crazy_yiuf_cottage
D:3:      layout_basic, grunt_dithmenos_smoke, kennysheep_vampire_church
D:4:      layout_loops_ring, okawaru_metal_pillars_1_2, lemuel_blue_sif_altar,
          serial_shops, shop, minmay_manual_mess, uniq_robin, uniq_ijyb
D:5:      layout_cave_pools, lemuel_coloured_pillars_altar
D:6:      layout_gridville, basic_altar, uniq_duvessa, uniq_grinder

Skill      XL: |  1  2  3  4  5  6  7 |
---------------+----------------------+-----
Spellcasting   | 2 3 |  3.5
Conjurations   | 1 2 |  2.2
Charms         | 1 2 |  2.5
Dodging        | 1 |  1.8
Air Magic      | 1 2 |  2.6
Ice Magic      | 2 |  2.2
Poison Magic   | 1 2 |  2.0
Armour         | 1 2 |  2.0
Short Blades   | 1 |  1.4
Fighting       | |  2.7
Crossbows      | |  1.0
Throwing       | |  1.0
Stealth        | |  0.4
Transmutations | |  1.7
Evocations     | |  1.0

Action                   |  1- 3 |  4- 6 |  7- 9 || total
-------------------------+-------+-------+-------++-------
Melee: Dagger            |   105 |   151 |     6 ||   262
       Headbutt          |       |    15 |     6 ||    21
       Short sword       |       |       |    18 ||    18
 Fire: Hand crossbow     |    13 |       |       ||    13
 Cast: Shock             |    77 |    72 |    12 ||   161
       Freeze            |     2 |     1 |       ||     3
       Ozocubu's Armour  |     6 |    14 |     2 ||    22
       Mephitic Cloud    |       |     1 |       ||     1
  Use: Potion            |       |     4 |       ||     4
       Scroll            |       |     6 |     3 ||     9
 Stab: Sleeping          |     1 |     2 |     1 ||     4
  Eat: Chunk             |     7 |    10 |       ||    17
       Ration            |     1 |     2 |       ||     3
Armor: Robe              |    88 |    37 |       ||   125
       Leather armour    |       |    33 |    14 ||    47
Dodge: Dodged            |   132 |   136 |    15 ||   283
Block: Other             |       |       |     7 ||     7
